 Seeded DCSS version 0.29-a0-284-gf9362112df (webtiles) character file.

Game seed: 4069715387981020196 (custom seed)

18 gzilladon the Grave Robber (level 2, 0/19 HPs)
             Began as a Demonspawn Necromancer on Mar 25, 2022.
             Succumbed to an adder's poison
             ... on level 2 of the Dungeon on Mar 28, 2022.
             The game lasted 00:07:22 (1656 turns).

gzilladon the Grave Robber (Demonspawn Necromancer) Turns: 1656, Time: 00:07:23

Health: 0/19       AC:  8    Str:  8    XL:     2   Next: 48%
Magic:  5/5        EV:  3    Int: 22    God:
Gold:   84         SH:  0    Dex: 13    Spells: 3/5 levels left

rFire   . . .      SeeInvis .   n - +0 short sword
rCold   . . .      Faith    .   (no shield)
rNeg    . . .      Spirit   .   g - +0 chain mail
rPois   .          Reflect  .   (no helmet)
rElec   .          Harm     .   (no cloak)
rCorr   .          Rampage  .   (no gloves)
Will    .....                   (no boots)
Stlth   ..........              l - amulet of the acrobat
HPRegen 0.06/turn               c - +6 ring of intelligence
MPRegen 0.09/turn               f - ring of wizardry

@: lethally poisoned (0 -> -7)
A: claws 1
a: no special abilities


You were on level 2 of the Dungeon.
You visited 1 branch of the dungeon, and saw 2 of its levels.

You collected 84 gold pieces.

Inventory:

Hand Weapons
 e - a +0 dagger
 n - a +0 short sword (weapon)
 o - a +1 vorpal hand axe
Missiles
 b - 25 stones
Armour
 a - a +0 robe
 g - a +0 chain mail (worn)
Jewellery
 c - a +6 ring of intelligence (left claw)
 f - a ring of wizardry (right claw)
 l - an amulet of the acrobat (around neck)
Scrolls
 d - 4 scrolls of identify {unknown}
 k - a scroll of blinking {unknown}
Potions
 h - a potion of berserk rage {unknown}
 i - a potion of curing {unknown}
 j - a potion of mutation {unknown}
 m - a potion of lignification {unknown}


   Skills:
 + Level 0.1 Short Blades
 + Level 0.1 Armour
 + Level 1.7 Dodging
 + Level 1.8 Stealth
 + Level 2.1 Spellcasting
 + Level 5.0 Necromancy


You had 3 spell levels left.
You knew the following spells:

 Your Spells              Type           Power      Damage    Failure   Level
a - Pain                  Necr           96%        1d8       77%         1
b - Animate Skeleton      Necr           48%        N/A       77%         1

Your spell library contained the following spells:

 Spells                   Type           Power      Damage    Failure   Level
 Vampiric Draining        Necr           24%        2d7       98%         3
 Animate Dead             Necr           12%        N/A       100%        4
 Agony                    Necr           24%        N/A       100%        5


Dungeon Overview and Level Annotations

Branches:
Dungeon (2/15)

Altars:


Innate Abilities, Weirdness & Mutations

You have sharp fingernails.


Message History

Found 22 gold pieces.
You now have 62 gold pieces (gained 8).
You now have 68 gold pieces (gained 6).
A ball python comes into view.
You see here 16 gold pieces.
You now have 84 gold pieces (gained 16).
The ball python hisses angrily.
You hear an angry hiss.
Found an orange potion.
The goblin shouts!
An adder comes into view.
The ball python closely misses you. The ball python misses you.
You hit the ball python.
You kill the ball python!
Your Necromancy skill increases to level 5!
You miss the adder. The adder bites you.
You are poisoned.
The adder poisons you!
You hit the adder.
The adder is moderately wounded.
You feel sick. The adder bites you but does no damage.
The goblin hits you with a +0 mace.
You hit the adder.
The adder is moderately wounded.
You feel sick. The adder bites you.
You are lethally poisoned!
The adder poisons you! The goblin hits you but does no damage.
The adder bites you but does no damage.
You hit the adder.
The adder is severely wounded.
You feel very sick. The goblin hits you with a +0 mace.
The adder barely misses you.
You hit the adder but do no damage.
The adder is severely wounded.
You feel sick. The adder bites you but does no damage.
The goblin hits you with a +0 mace.
* * * LOW HITPOINT WARNING * * *
The adder barely misses you.
You hit the adder but do no damage.
The adder is severely wounded.
You die...

#####.##### ..
#########...#.# #..
..............## #..
########..#....# #.?
###..#...#..# #..
###..#...#...#..#####..
#..#...#...#...#.......
..#...#...#...#.. #.....
#...#..@#...#...#. #...
..#...#Sg.#...#...#....)
#...#...#...#...#...#.##
...#...#...#...# .. .#
..#..!#...#.. .
#...#...#.g # ..#...#
..# .#...#.. #..


You could see an adder and a goblin.

Vanquished Creatures
  An endoplasm (D:1)
  2 hobgoblins (D:1)
  A kobold (D:1)
  2 quokkas (D:1)
  3 ball pythons
  2 bats
  2 frilled lizards
  4 rats (D:1)
17 creatures vanquished.

Vanquished Creatures (others)
  4 toadstools (D:1)
4 creatures vanquished.

Grand Total: 21 creatures vanquished

Notes
Turn   | Place    | Note
-------+----------+-------------------------------------------
     0 | D:1      | gzilladon the Demonspawn Necromancer began the quest for
                  | the Orb.
     0 | D:1      | Reached XP level 1. HP: 13/13 MP: 3/3
   244 | D:1      | Learned a level 1 spell: Animate Skeleton
   800 | D:1      | Gained mutation: You have sharp fingernails. [demonic
                  | ancestry]
   800 | D:1      | Reached XP level 2. HP: 15/19 MP: 5/5
  1649 | D:2      | Reached skill level 5 in Necromancy
  1656 | D:2      | Succumbed to an adder's poison

Illustrated notes

Levels and vault maps discovered:
D:1:      ldierk_walled_garden_2, layout_loops_ring, minmay_tetromino_l4
D:2:      layout_rooms, nicolae_ecumenical_lake_church, hex_large

Skill      XL: |  1  2 |
---------------+-------+-----
Necromancy     | 5 |  5.0
Short Blades   | |  0.1
Armour         | |  0.1
Dodging        | |  1.7
Stealth        | |  1.8
Spellcasting   | |  2.1

Action                   || total
-------------------------++-------
Melee: Dagger            ||    42
       Punch             ||     2
       Short sword       ||    18
 Cast: Pain              ||     5
       Animate Skeleton  ||     1
  Use: Potion            ||     2
Armor: Chain mail        ||    54
Dodge: Dodged            ||    39

Table legend: (Time is in decaauts)
 A = Elapsed time spent in this place.
 B = Non-inter-level travel time spent in this place.
 C = Inter-level travel time spent in this place.
 D = Time resting spent in this place.
 E = Time spent auto-exploring this place.
 F = Levels seen in this place.
 G = Mean time per level.
                   A        B        C        D        E       F      G
               +--------+--------+--------+--------+--------+-----+--------+
         Total |   1656 |   1617 |     39 |    707 |      2 |   2 |  828.0 |
       Dungeon |   1656 |   1617 |     39 |    707 |      2 |   2 |  828.0 |
               +--------+--------+--------+--------+--------+-----+--------+

Top non-repeatable levels by time:
     D:1: 1512 daAuts
     D:2: 143 daAuts
